 Dungeon Crawl Stone Soup version 0.30-a0-6-g7c9e10e132 (webtiles) character file.

Game seed: 11728470014405829046

2591 Jeffersonvaz the Digger (level 9, -6/61 HPs)
             Began as an Octopode Earth Elementalist on Aug 22, 2022.
             Was an Initiate of Gozag.
             Mangled by a killer bee (7 damage)
             ... on level 7 of the Dungeon.
             The game lasted 00:31:36 (10916 turns).

Jeffersonvaz the Digger (OpEE)                     Turns: 10916, Time: 00:31:43

Health: -6/61      AC:  5    Str: 19    XL:     9   Next: 58%
Magic:  17/19      EV: 13    Int: 27    God:    Gozag
Gold:   491        SH:  0    Dex: 12    Spells: 17/21 levels left

rFire   . . .      SeeInvis .    h - +12 hand axe "Rovuprun" {flame, rC+ Str+5 Stlth+}
rCold   + . .      Faith    .    (no shield)
rNeg    . . .      Spirit   .    (helmet restricted)
rPois   .          Reflect  .    (no amulet)
rElec   .          Harm     .    n - +6 ring of strength
rCorr   .          Rampage  .    y - +4 ring of protection
Will    .....                    z - +6 ring of intelligence
Stlth   ++++......               (no ring)
HPRegen 0.20/turn                (no ring)
MPRegen 0.16/turn                (no ring)
                                 (no ring)
                                 (no ring)

@: gold aura
A: almost no armour, amphibious, 8 rings, camouflage 1, gelatinous body 1,
(nimble swimmer 1), tentacles
a: Renounce Religion, Potion Petition, Call Merchant, Bribe Branch


You were on level 7 of the Dungeon.
You worshipped Gozag.
Gozag was aware of your devotion.
You visited 2 branches of the dungeon, and saw 8 of its levels.

You collected 755 gold pieces.
You spent 220 gold pieces at shops.
You paid 44 gold pieces to Gozag.

Inventory:

Hand Weapons
 h - the +12 hand axe "Rovuprun" (weapon) {flame, rC+ Str+5 Stlth+}
   (You found it on level 2 of the Dungeon)

   It burns those it strikes, dealing additional fire damage.
   Big, fiery blades are also staple armaments of hydra-hunters.
   Str:       It affects your strength (+5).
   rC:        It protects you from cold.
   Stlth:     It makes you more stealthy.
Missiles
 q - a throwing net
Magical Staves
 b - a staff of air
Jewellery
 n - a +6 ring of strength (left tentacle)
 y - a +4 ring of protection (right tentacle)
 z - a +6 ring of intelligence (on tentacle)
Wands
 B - a wand of polymorph (6)
Scrolls
 d - 4 scrolls of identify {unknown}
 g - a scroll of magic mapping {unknown}
 k - 3 scrolls of summoning {unknown}
 l - a scroll of enchant armour {unknown}
 m - a scroll of fear {unknown}
 p - a scroll of immolation {unknown}
 t - a scroll of enchant weapon {unknown}
 u - 2 scrolls of vulnerability {unknown}
 x - 4 scrolls of teleportation {unknown}
 A - 2 scrolls of noise {unknown}
 C - a scroll of silence {unknown}
Potions
 a - a potion of magic
 c - a potion of curing
 e - 2 potions of mutation {unknown}
 f - a potion of heal wounds {unknown}
 i - a potion of brilliance {unknown}
 j - a potion of berserk rage {unknown}
 o - a potion of lignification {unknown}
 r - a potion of degeneration {unknown}
 s - 2 potions of might {unknown}
 v - a potion of flight {unknown}
 w - 2 potions of ambrosia {unknown}


   Skills:
 * Level 5.0 Fighting
 * Level 5.4 Axes
 - Level 2.1 Dodging
 - Level 2.8 Stealth
 + Level 6.9 Spellcasting
 - Level 1.2 Transmutations
 + Level 7.6 Earth Magic


You had 17 spell levels left.
You knew the following spells:

 Your Spells              Type           Power      Damage    Failure   Level
a - Sandblast             Erth           100%       2d20      1%          1
b - Stone Arrow           Conj/Erth      60%        3d10      3%          3

Your spell library contained the following spells:

 Spells                   Type           Power      Damage    Failure   Level
 Passwall                 Tmut/Erth      27%        N/A       1%          2
 Summon Small Mammal      Summ           36%        N/A       6%          1
 Petrify                  Tmut/Erth      33%        N/A       10%         4
 Call Canine Familiar     Summ           9%         N/A       19%         3
 Dazzling Flash           Conj/Hex       18%        N/A       19%         3
 Summon Guardian Golem    Hex/Summ       9%         N/A       19%         3
 Anguish                  Hex/Necr       4%         N/A       52%         4
 Iskenderun's Mystic Bla  Conj/Tloc      9%         2d4       52%         4
 Starburst                Conj/Fire      4%         6d4       100%        6
 Enfeeble                 Hex            4%         N/A       100%        7


Dungeon Overview and Level Annotations

Branches:
Dungeon (7/15)             Temple (1/1) D:4

Altars:
Ashenzari
Cheibriados
Dithmenos
Elyvilon
Fedhas
Gozag
Hepliaklqana
Okawaru
Qazlal
Ru
Sif Muna
Trog
Uskayaw
Wu Jian
Yredelemnul

Shops:
D:2 *:[


Innate Abilities, Weirdness & Mutations

You cannot wear most types of armour.
You are amphibious.
You can wear up to eight rings at the same time.
Your skin changes colour to match your surroundings (Stealth+).
Your rubbery body absorbs attacks. (AC +1, EV +1)
((You are camouflaged when in or above water. (Stealth+)))
You have tentacles for arms and can constrict up to eight enemies at once.


Message History

You are lethally poisoned!
The killer bee poisons you! The killer bee stings you.
* * * LOW HITPOINT WARNING * * *
You are more poisoned.
The killer bee poisons you!
The killer bee moves out of view.
You feel better. The killer bee closely misses you.
The killer bee is distracted by your dazzling golden aura.
The killer bee closely misses you.
The killer bee stings you but does no damage.
The killer bee closely misses you.
The killer bee buzzes angrily.
You barely miss the killer bee. Your grab misses the killer bee.
The killer bee is severely wounded.
You hit the killer bee. You burn the killer bee.
The killer bee is no longer distracted by gold.
You slash the killer bee! You burn the killer bee.
The killer bee stings you but does no damage.
The killer bee misses you. The killer bee closely misses you.
The killer bee barely misses you. The killer bee closely misses you.
The killer bee stings you.
* * * LOW HITPOINT WARNING * * *
You slash the killer bee! You burn the killer bee.
You kill the killer bee!
You closely miss the killer bee. You miss the killer bee.
The killer bee barely misses you.
The killer bee is distracted by your dazzling golden aura.
The killer bee stings you.
* * * LOW HITPOINT WARNING * * *
You feel better. The killer bee closely misses you. The bullfrog hits you.
* * * LOW HITPOINT WARNING * * *
The killer bee barely misses you. The bullfrog hits you!
* * * LOW HITPOINT WARNING * * *
You hit the killer bee. You burn the killer bee.
You kill the killer bee!
You hit the killer bee. You burn the killer bee. You hit the bullfrog.
You burn the bullfrog. The killer bee stings you.
* * * LOW HITPOINT WARNING * * *
The bullfrog barely misses you. The killer bee stings you!
You die...
Your body crumbles into a pile of gold.

#.#.####...# #....
#.....###.####.#.# ##
##..#..........#.#
...####.###....#......##
#..........#####.###..#
# ####..#.##.# #..)....
.#.#####.#..##..
#####)##
..........y$####...
#......
...###....F@.....#
#.)...)
<...$..$########...
#.).... ......$$#
#...... #...#........#
#...... #......##$...#
######. ..#.... .#..# ##
#..## . .$# #.. .. ..
... .. .


You could see a bullfrog and a killer bee.

Vanquished Creatures
  Maggie (D:7)
  Eustachio (D:6)
  Edmund (D:6)
  A water moccasin (D:5)
  A black bear (D:4)
  A centaur (D:7)
  3 ogres
  2 phantoms
  2 necrophages
  4 scorpions
  4 killer bees (D:7)
  3 howler monkeys (D:7)
  2 jellies
  3 hounds
  An orc priest (D:5)
  2 gnoll boudas
  4 iguanas
  Terence (D:2)
  4 orc wizards
  12 gnolls
  8 adders
  2 white imps
  An ufetubus (D:6)
  8 worms
  2 dart slugs
  16 orcs
  5 ball pythons
  4 endoplasms
  A giant cockroach (D:1)
  6 goblins
  7 hobgoblins
  4 quokkas
  5 bats
  10 kobolds
  4 rats
136 creatures vanquished.

Notes
Turn   | Place    | Note
-------+----------+-------------------------------------------
     0 | D:1      | Jeffersonvaz the Octopode Earth Elementalist began the
                  | quest for the Orb.
     0 | D:1      | Reached XP level 1. HP: 11/11 MP: 3/3
   308 | D:1      | Reached XP level 2. HP: 17/17 MP: 0/5
   901 | D:2      | Reached XP level 3. HP: 22/22 MP: 4/6
   949 | D:2      | Found Tuoqij's Assorted Antiques.
   952 | D:2      | Noticed Terence
   960 | D:2      | Learned a level 3 spell: Stone Arrow
  1019 | D:2      | Found a faded altar of an unknown god.
  1023 | D:2      | Identified the +12 hand axe "Rovuprun" {flame, rC+ Str+5
                  | Stlth+}
  1037 | D:2      | Found Xucyatid's Antique Armour Emporium.
  1055 | D:2      | Found Haczi's Book Shoppe.
  1569 | D:2      | Killed Terence
  1570 | D:2      | Reached XP level 4. HP: 27/27 MP: 5/8
  1728 | D:3      | Noticed a necrophage
  1743 | D:3      | Reached skill level 1 in Fighting
  1747 | D:3      | Killed a necrophage
  1748 | D:3      | Reached skill level 1 in Axes
  1748 | D:3      | Reached skill level 4 in Earth Magic
  1748 | D:3      | Reached XP level 5. HP: 12/33 MP: 9/9
  2931 | D:4      | Noticed a black bear
  3020 | D:3      | Reached XP level 6. HP: 26/39 MP: 8/11
  5719 | D:4      | Killed a black bear
  5966 | D:4      | Found a staircase to the Ecumenical Temple.
  5979 | Temple   | Entered the Ecumenical Temple
  6106 | Temple   | Became a worshipper of Gozag Ym Sagoz the Greedy
  6352 | D:4      | Reached XP level 7. HP: 45/45 MP: 9/13
  6360 | D:4      | Reached skill level 5 in Earth Magic
  6925 | D:5      | Entered Level 5 of the Dungeon
  7346 | D:2      | Bought a runed gilded ring for 110 gold pieces
  7745 | D:2      | Bought a small iron ring for 110 gold pieces
  8202 | D:5      | Found an opulent altar of Gozag.
  8646 | D:5      | Reached skill level 5 in Spellcasting
  8646 | D:5      | Reached XP level 8. HP: 52/52 MP: 12/15
  8709 | D:5      | Found an ornate altar of the Wu Jian Council.
  9295 | D:6      | Noticed Eustachio
  9653 | D:6      | Reached skill level 6 in Earth Magic
  9662 | D:6      | Noticed Edmund
  9992 | D:6      | Killed Edmund
 10362 | D:6      | Reached XP level 9. HP: 59/59 MP: 16/18
 10484 | D:6      | Killed Eustachio
 10485 | D:6      | Reached skill level 7 in Earth Magic
 10873 | D:7      | Noticed Maggie
 10880 | D:7      | Killed Maggie
 10881 | D:7      | Reached skill level 5 in Axes
 10909 | D:7      | Reached skill level 5 in Fighting
 10914 | D:7      | HP: 3/61 [killer bee (6)]
 10916 | D:7      | HP: 1/61 [killer bee (2)]
 10916 | D:7      | Mangled by a killer bee

Illustrated notes

Levels and vault maps discovered:
D:1:      dpeg_arrival_short_road, layout_basic
D:2:      minmay_general_purpose_star, layout_rooms, serial_shops, shop,
          nicolae_shop_competitors_out_of_business, shop,
          nicolae_ecumenical_lake_church, uniq_terence
D:3:      layout_loops_corners, kennysheep_generic_room_2
D:4:      layout_basic, temple_pool_b
D:5:      layout_loops_ring, hangedman_feature_mirror,
          hangedman_abyss_or_decor_lesser_grid, chequers_mini_garden,
          nicolae_wormholes
D:6:      layout_basic, uniq_eustachio, uniq_edmund
D:7:      layout_rooms, makhleb_heckhound_becter, kennysheep_generic_room_10,
          uniq_maggie
Temple:   mainiacjoe_temple_bowtie_tessellation

Skill      XL: |  1  2  3  4  5  6  7  8  9 |
---------------+----------------------------+-----
Fighting       | 1 2 3 4 5 |  5.0
Spellcasting   | 3 4 5 6 |  6.9
Axes           | 1 2 3 4 5 |  5.4
Earth Magic    | 4 5 6 7 |  7.6
Dodging        | |  2.1
Stealth        | |  2.8
Transmutations | |  1.2

Action                   |  1- 3 |  4- 6 |  7- 9 || total
-------------------------+-------+-------+-------++-------
Melee: Staff             |     4 |       |       ||     4
       Constrict         |     3 |     7 |    12 ||    22
       Tentacles         |     2 |     6 |    13 ||    21
       Hand axe          |     4 |    35 |    68 ||   107
 Cast: Sandblast         |    40 |    37 |    81 ||   158
  Use: Potion            |       |       |     3 ||     3
 Stab: Sleeping          |       |     5 |       ||     5
       Distracted        |       |     1 |       ||     1
Armor: Skin              |     1 |     1 |    15 ||    17
Dodge: Dodged            |     7 |    15 |    57 ||    79

Table legend: (Time is in decaauts)
 A = Elapsed time spent in this place.
 B = Non-inter-level travel time spent in this place.
 C = Inter-level travel time spent in this place.
 D = Time resting spent in this place.
 E = Time spent auto-exploring this place.
 F = Levels seen in this place.
 G = Mean time per level.
                   A        B        C        D        E       F      G
               +--------+--------+--------+--------+--------+-----+--------+
         Total |  11013 |   6041 |   4972 |   4300 |    671 |   8 | 1376.6 |
       Dungeon |  10829 |   6033 |   4796 |   4300 |    671 |   7 | 1547.0 |
        Temple |    184 |      8 |    176 |      0 |      0 |   1 |  184.0 |
               +--------+--------+--------+--------+--------+-----+--------+

Top non-repeatable levels by time:
     D:4: 3570 daAuts
     D:3: 2247 daAuts
     D:6: 1536 daAuts
     D:5: 1515 daAuts
     D:2: 939 daAuts
     D:1: 846 daAuts
  Temple: 184 daAuts
     D:7: 173 daAuts
